 Dungeon Crawl Stone Soup version 0.28-a0-406-g4bac719ec2 (webtiles) character file.

Game seed: 6662809100854215502

126 Astera the Covered (level 5, 0/42 HPs)
             Began as a Barachi Fighter on Sept 5, 2021.
             Was a Follower of Wu Jian.
             Slain by a gnoll (3 damage)
             ... on level 2 of the Dungeon.
             The game lasted 00:03:37 (1969 turns).

Astera the Covered (Barachi Fighter)                Turns: 1969, Time: 00:03:38

Health: 0/42       AC:  7    Str: 17    XL:     5   Next: 10%
Magic:  5/5        EV: 10    Int: 14    God:    Wu Jian [*.....]
Gold:   51         SH: 10    Dex: 13    Spells: 4/4 levels left

rFire   . . .      SeeInvis .   a - +0 long sword
rCold   . . .      Faith    .   c - +0 buckler
rNeg    + . .      Spirit   .   b - +0 scale mail
rPois   .          Reflect  +   (no helmet)
rElec   .          Harm     .   (no cloak)
rCorr   .          Rampage  .   (no gloves)
Will    .....                   (no boots)
Stlth   ..........              j - amulet of reflection
HPRegen 0.14/turn               e - ring of positive energy
MPRegen 0.09/turn               f - +6 ring of intelligence

@: mighty, slow
A: amphibious, slowness 1, strong legs 1, +LOS
a: Hop, Renounce Religion


You were on level 2 of the Dungeon.
You worshipped Wu Jian.
Wu Jian was aware of your devotion.
You visited 1 branch of the dungeon, and saw 2 of its levels.

You collected 51 gold pieces.

Inventory:

Hand Weapons
 a - a +0 long sword (weapon)
Armour
 b - a +0 scale mail (worn)
 c - a +0 buckler (worn)
Jewellery
 e - a ring of positive energy (left hand)
 f - a +6 ring of intelligence (right hand)
 j - an amulet of reflection (around neck)
 m - a ring of flight
Scrolls
 g - a scroll of amnesia {unknown}
 h - a scroll of magic mapping {unknown}
 i - 2 scrolls of teleportation {unknown}
Potions
 k - a potion of mutation {unknown}
 l - a potion of ambrosia {unknown}
 n - a potion of berserk rage {unknown}


   Skills:
 + Level 4.2 Fighting
 + Level 4.2 Long Blades
 + Level 4.3 Armour
 + Level 1.4 Dodging
 + Level 3.9 Shields


You had 4 spell levels left.
You didn't know any spells.
Your spell library contained the following spells:

 Spells                   Type           Power      Damage    Failure   Level
 Animate Skeleton         Necr           0%         N/A       67%         1
 Pain                     Necr           0%         1d4       67%         1
 Vampiric Draining        Necr           0%         2d6       95%         3


Dungeon Overview and Level Annotations

Branches:
Dungeon (2/15)

Altars:
Wu Jian
Zin


Innate Abilities, Weirdness & Mutations

You are amphibious.
You cover ground slowly.
You can hop short distances.
You have an extended range of vision and can be seen from far away.


Message History

* * * LOW HITPOINT WARNING * * *
You block the gnoll's attack.
Okay, then.
You block the gnoll's attack. The gnoll misses you.
You hit the gnoll.
The gnoll is lightly wounded.
The gnoll hits you but does no damage.
You barely miss the gnoll.
The gnoll is lightly wounded.
You block the gnoll's attack. The gnoll closely misses you.
The gnoll hits you but does no damage. The gnoll misses you.
There is an open door here.
There's a creature in the doorway!
You open the door.
The gnoll hits you from afar with a +0 halberd!
* * * LOW HITPOINT WARNING * * *
There is an open door here.
You feel very mighty all of a sudden. The gnoll closely misses you.
You block the gnoll's attack.
You slash the gnoll!
You kill the gnoll!
The Council accepts your kill. You block the gnoll's attack.
You have reached level 5!
You lunge at the gnoll.
Your scale mail prevents you from hitting the gnoll.
The gnoll closely misses you.
You slash the gnoll!
The gnoll is almost dead.
You block the gnoll's attack.
You slash the gnoll!
You kill the gnoll!
The Council accepts your kill. You block the gnoll's attack.
You slash the gnoll!
The gnoll is heavily wounded.
The gnoll hits you with a +0 club.
You die...

...# ########
############### ...# #..
... ............... ####
#.####.####(####.####.###
#.#⌠.#.#..+.+..#.# +.'..
#.#..#.#..#.#..#.# #.#..
#.##'#.##'#.##'#.##+#.##'
#........................
#.##'#.##g#.##+#.##+#.##'
#.#.=#(#@.#.#..#.#..#.#..
#.#..+.').#g#..'.'†.#.#⌠.
#.####.####g####.####.###
#......g.................
#.#######################
#.#.......
#########g..####.#
w...g...g.........
######...†..######


You could see a gnoll.

Vanquished Creatures
  Jessica (D:2)
  3 gnolls (D:2)
  3 adders (D:2)
  A worm (D:2)
  An endoplasm (D:1)
  A giant cockroach (D:2)
  2 hobgoblins
  A jackal (D:2)
  8 kobolds
  6 quokkas
  3 ball pythons
  6 bats
  2 frilled lizards
  7 rats
45 creatures vanquished.

Notes
Turn   | Place    | Note
-------+----------+-------------------------------------------
     0 | D:1      | Astera the Barachi Fighter began the quest for the Orb.
     0 | D:1      | Reached XP level 1. HP: 18/18 MP: 1/1
   314 | D:1      | Reached XP level 2. HP: 25/25 MP: 2/2
   583 | D:1      | Found a faded altar of an unknown god.
   758 | D:1      | Became a worshipper of the Wu Jian Council
   758 | D:1      | Reached * piety under Wu Jian
  1062 | D:1      | Reached XP level 3. HP: 30/30 MP: 3/3
  1356 | D:2      | Found a glowing silver altar of Zin.
  1671 | D:2      | Reached skill level 1 in Dodging
  1671 | D:2      | Reached XP level 4. HP: 32/37 MP: 4/4
  1744 | D:2      | Noticed Jessica
  1767 | D:2      | Killed Jessica
  1966 | D:2      | Reached XP level 5. HP: 3/42 MP: 5/5
  1969 | D:2      | Slain by a gnoll

Illustrated notes

Levels and vault maps discovered:
D:1:      elethiomel_arrival_infinity_welcomes_careful_drivers, layout_basic,
          dreamdust_ecumenical_altar_angels_and_demons
D:2:      minmay_door_path, layout_basic, basic_altar,
          chequers_serial_rivers_small_b, uniq_jessica

Skill      XL: |  1  2  3  4 |
---------------+-------------+-----
Armour         | 4 |  4.3
Long Blades    | 3 4 |  4.2
Dodging        | 1 |  1.4
Fighting       | 4 |  4.2
Shields        | |  3.9

Action                   |  1- 3 |  4- 6 || total
-------------------------+-------+-------++-------
Melee: Long sword        |   100 |    46 ||   146
Invok: Lunge             |     4 |     3 ||     7
  Use: Potion            |       |     1 ||     1
Armor: Scale mail        |    51 |    14 ||    65
Dodge: Dodged            |    48 |    14 ||    62
Block: Buckler           |    26 |    24 ||    50

Table legend: (Time is in decaauts)
 A = Elapsed time spent in this place.
 B = Non-inter-level travel time spent in this place.
 C = Inter-level travel time spent in this place.
 D = Time resting spent in this place.
 E = Time spent auto-exploring this place.
 F = Levels seen in this place.
 G = Mean time per level.
                   A        B        C        D        E       F      G
               +--------+--------+--------+--------+--------+-----+--------+
         Total |   2267 |   2104 |    163 |      4 |   1703 |   2 | 1133.5 |
       Dungeon |   2267 |   2104 |    163 |      4 |   1703 |   2 | 1133.5 |
               +--------+--------+--------+--------+--------+-----+--------+

Top non-repeatable levels by time:
     D:1: 1544 daAuts
     D:2: 722 daAuts
